 Dungeon Crawl Stone Soup version 0.30.1-11-g7821555f0a (webtiles) character file.

Game seed: 3782068419145777066

9215 fireball365 the Severer (level 11, -8/97 HPs)
             Began as a Hill Orc Fighter on Nov 22, 2023.
             Was an Initiate of Gozag.
             Mangled by Urug
             ... wielding a +0 great mace of protection
              (19 damage)
             ... on level 10 of the Dungeon.
             The game lasted 00:21:12 (9489 turns).

fireball365 the Severer (Hill Orc Fighter)          Turns: 9489, Time: 00:21:15

Health: -8/97      AC: 15    Str: 24    XL:     11   Next: 43%
Magic:  11/11      EV:  8    Int:  8    God:    Gozag
Gold:   1303       SH: 15    Dex: 10    Spells: 10/10 levels left

rFire   . . .        n - +1 war axe (heavy)
rCold   . . .        J - +0 tower shield
rNeg    . . .        r - +0 chain mail
rPois   .            k - +0 hat
rElec   .            p - +1 cloak
rCorr   .            h - +0 pair of gloves
SInv    .            (no boots)
Will    .....        M - amulet of regeneration Stlth
                     (no ring)
HPRegen 1.16/turn    (no ring)
MPRegen 0.12/turn

%: no passive effects
@: studying 2 skills
A: no striking features
a: Renounce Religion, Potion Petition, Call Merchant, Bribe Branch


You were on level 10 of the Dungeon.
You worshipped Gozag.
Gozag was most pleased with you.
You visited 2 branches of the dungeon, and saw 11 of its levels.
You also visited: Ossuary.

You collected 2169 gold pieces.
You spent 732 gold pieces at shops.
You paid 134 gold pieces to Gozag.

Inventory:

Hand Weapons
 n - a +1 heavy war axe (weapon)
 H - a +3 heavy battleaxe
Missiles
 e - 3 throwing nets (quivered)
Armour
 h - a +0 pair of gloves (worn)
 k - a +0 hat (worn)
 p - a +1 cloak (worn)
 r - a +0 chain mail (worn)
 J - a +0 tower shield (worn)
Jewellery
 x - an amulet of faith
 G - a ring of magical power
 M - an amulet of regeneration (around neck)
Wands
 c - a wand of iceblast (5)
 w - a wand of mindburst (6)
 z - a wand of paralysis (7)
 A - a wand of flame (28)
Scrolls
 b - a scroll of poison {unknown}
 f - 3 scrolls of immolation
 g - 6 scrolls of fear
 i - 3 scrolls of blinking
 q - a scroll of torment
 u - 3 scrolls of vulnerability
 v - a scroll of fog {unknown}
 y - 2 scrolls of magic mapping {unknown}
 B - 5 scrolls of teleportation
 D - 2 scrolls of enchant armour {unknown}
 K - a scroll of identify
 L - 2 scrolls of brand weapon {unknown}
 N - a scroll of enchant weapon {unknown}
Potions
 a - 2 potions of brilliance
 d - 2 potions of might
 j - a potion of ambrosia {unknown}
 l - a potion of haste {unknown}
 m - 3 potions of lignification
 s - 2 potions of flight {unknown}
 t - 2 potions of curing
 C - 3 potions of degeneration {unknown}
 E - 2 potions of attraction {unknown}
 F - a potion of cancellation {unknown}
 I - a potion of resistance {unknown}


   Skills:
 + Level 9.2 Fighting
 + Level 16.8 Axes
 + Level 9.6 Armour
 + Level 3.7 Dodging
 + Level 1.2 Stealth
 + Level 11.3 Shields
 + Level 0.8 Evocations


You had 10 spell levels left.
You didn't know any spells.
Your spell library contained the following spells:

 Spells                   Type           Power      Damage    Failure   Level
 Apportation              Tloc           0%         N/A       99%         1
 Foxfire                  Conj/Fire      0%         2x1d4     99%         1
 Kiss of Death            Conj/Necr      0%         2d5       99%         1
 Necrotise                Necr           0%         1d4       99%         1
 Sting                    Tmut/Pois      0%         1d3       99%         1
 Summon Small Mammal      Summ           0%         N/A       99%         1
 Blink                    Tloc           0%         N/A       100%        2
 Poisonous Vapours        Pois/Air       0%         N/A       100%        2
 Sublimation of Blood     Necr           0%         N/A       100%        2
 Confusing Touch          Hex            0%         N/A       100%        3
 Ozocubu's Armour         Ice            0%         N/A       100%        3
 Volatile Blastmotes      Fire/Tloc      0%         2d10      100%        3
 Cause Fear               Hex            0%         N/A       100%        4
 Dispel Undead            Necr           0%         3d6       100%        4
 Fulminant Prism          Conj/Hex       0%         3d5       100%        4
 Iskenderun's Mystic Bla  Conj/Tloc      0%         2d3       100%        4
 Manifold Assault         Tloc           0%         N/A       100%        4
 Olgreb's Toxic Radiance  Pois           0%         N/A       100%        4
 Petrify                  Tmut/Erth      0%         N/A       100%        4
 Fireball                 Conj/Fire      0%         3d3       100%        5
 Irradiate                Conj/Tmut      0%         3d11      100%        5
 Lee's Rapid Deconstruct  Erth           0%         3d4*      100%        5
 Plasma Beam              Fire/Air       0%         2x1d11    100%        6
 Starburst                Conj/Fire      0%         6d3       100%        6
 Statue Form              Tmut/Erth      0%         N/A       100%        6
 Dragon Form              Tmut           0%         N/A       100%        7
 Ozocubu's Refrigeration  Ice            0%         4d7       100%        7
 Storm Form               Tmut/Air       0%         N/A       100%        7
 Dragon's Call            Summ           0%         N/A       100%        9


Dungeon Overview and Level Annotations

Branches:
Dungeon (10/15)            Temple (1/1) D:5            Lair (0/5) D:8
    Orc (0/2) D:9         Ossuary (visited)

Altars:
Ashenzari
Cheibriados
Dithmenos
Elyvilon
Gozag
Hepliaklqana
Kikubaaqudgha
Makhleb
Okawaru
Ru
Sif Muna
Uskayaw
Vehumet
Wu Jian
Zin
The Shining One

Shops:
D:1 (:[?   D:3 [

Annotations:
D:10 Urug


Message History

Unknown command.
Aiming: Throw Flame
Press: ? - help, Q - select action, (/) - cycle Shift-Dir - straight line The puff of flame hits Urug but does no damage.
Urug is moderately wounded.
Urug hits you with a +0 great mace of protection!!
* * * LOW HITPOINT WARNING * * *
You feel better. Urug misses you.
You feel better. You block Urug's attack.
You feel better. Urug closely misses you.
You barely miss Urug.
Urug is moderately wounded.
You block Urug's attack.
You miss Urug.
Urug is moderately wounded.
Urug hits you with a +0 great mace of protection!
You closely miss Urug.
Urug is moderately wounded.
Urug hits you with a +0 great mace of protection!
* * * LOW HITPOINT WARNING * * *
You feel better.
Urug hits you with a +0 great mace of protection!!
* * * LOW HITPOINT WARNING * * *
As you read the scroll of teleportation, it crumbles to dust.
You feel strangely unstable.
Urug hits you with a +0 great mace of protection!
* * * LOW HITPOINT WARNING * * *
You feel better.
Urug hits you with a +0 great mace of protection.
* * * LOW HITPOINT WARNING * * *
Read: 4 scrolls of immolation
Press: ? - help, Q - select action, (/) - cycle Dir - look around, f - activate
As you read the scroll of immolation, it crumbles to dust.
The creatures around you are filled with an inner flame!
You block Urug's attack.
As you read the scroll of teleportation, it crumbles to dust.
You feel strangely stable.
Urug hits you with a +0 great mace of protection!!
You die...
Your body crumbles into a pile of gold.

## .###### ########
.#....# ##......# .#....#
####.......# .#....#
#..........##.
##....#####.....@o......
##.....?................
.............#.........#
....##.......#........).
....##.......#.....##...
....##.......##...... ..
....##.......##......# #
....##.......##......#
#.##..)..............####


You could see Urug (inner flame).

Vanquished Creatures
  Erolcha (D:10)
  A two-headed ogre (D:8)
  Sonja (D:10)
  A necromancer (D:9)
  A kobold demonologist (D:10)
  2 trolls
  6 yaks
  2 wyverns (D:9)
  3 steam dragons
  2 water moccasins
  Duvessa (D:4)
  5 black bears
  5 orc warriors
  2 sky beasts (D:7)
  3 ogres (D:9)
  4 centaurs
  6 kobold brigands
  6 bullfrogs
  2 scorpions
  2 gnoll sergeants (D:9)
  Dowan (D:4)
  An electric eel (D:10)
  5 howler monkeys
  2 hounds
  A centaur zombie (Ossuary)
  4 human zombies (Ossuary)
  4 jellies
  Crazy Yiuf (D:3)
  8 orc priests
  2 gnoll boudas
  5 iguanas
  Natasha (thrice) (D:4)
  14 orc wizards
  2 hound zombies (Ossuary)
  3 mummies (Ossuary)
  13 gnolls
  10 adders
  A white imp (D:8)
  2 ufetubi
  7 adder zombies (Ossuary)
  2 worms (D:2)
  4 dart slugs
  27 orcs
  6 endoplasms
  5 giant cockroaches
  6 goblins
  10 hobgoblins
  5 jackals
  A quokka (D:5)
  7 ball pythons
  4 bats
  A frilled lizard (D:2)
  A gnoll zombie (Ossuary)
  2 goblin zombies (Ossuary)
  5 hobgoblin zombies (Ossuary)
  A jackal zombie (Ossuary)
  9 kobolds
  5 kobold zombies (Ossuary)
  An orc zombie (Ossuary)
  4 quokka zombies (Ossuary)
  7 rats
  2 rat zombies (Ossuary)
260 creatures vanquished.

Vanquished Creatures (others)
  3 orcs
3 creatures vanquished.

Grand Total: 263 creatures vanquished

Notes
Turn   | Place    | Note
-------+----------+-------------------------------------------
     0 | D:1      | fireball365 the Hill Orc Fighter began the quest for the
                  | Orb.
     0 | D:1      | Reached XP level 1. HP: 19/19 MP: 1/1
    35 | D:1      | Found Veyto's Magic Scroll Shoppe.
   108 | D:1      | Found Daizow's Antique Armour Emporium.
   134 | D:1      | Reached XP level 2. HP: 26/26 MP: 2/2
   359 | D:1      | Found Aweeb's Book Shoppe.
   462 | D:1      | Reached XP level 3. HP: 33/33 MP: 3/3
   488 | D:1      | Found Holor's Weapon Emporium.
  1191 | D:2      | Reached skill level 1 in Dodging
  1263 | D:2      | Reached skill level 3 in Axes
  1263 | D:2      | Reached XP level 4. HP: 40/40 MP: 4/4
  1786 | D:3      | Found an ornate altar of the Wu Jian Council.
  1804 | D:3      | Reached skill level 4 in Axes
  1901 | D:3      | Found Xazut's Antique Armour Shoppe.
  2064 | D:3      | Found a shadowy altar of Dithmenos.
  2079 | D:3      | Reached XP level 5. HP: 31/46 MP: 5/5
  2139 | D:3      | Found a faded altar of an unknown god.
  2290 | D:3      | Found a runed translucent door.
  2291 | D:3      | Noticed Crazy Yiuf
  2296 | D:3      | Killed Crazy Yiuf
  2594 | D:4      | Noticed Dowan
  2594 | D:4      | Noticed Duvessa
  2603 | D:4      | Killed Dowan
  2604 | D:4      | Reached skill level 5 in Axes
  2604 | D:4      | Reached XP level 6. HP: 11/55 MP: 6/6
  2605 | D:4      | Killed Duvessa
  2606 | D:4      | Reached skill level 5 in Fighting
  2606 | D:4      | Reached skill level 5 in Armour
  2980 | D:4      | Noticed Natasha
  2989 | D:4      | Killed Natasha
  3044 | D:4      | Noticed Natasha
  3051 | D:4      | Killed Natasha
  3146 | D:4      | Reached XP level 7. HP: 51/61 MP: 7/7
  3191 | D:4      | Noticed Natasha
  3196 | D:4      | Killed Natasha
  3197 | D:4      | Reached skill level 6 in Axes
  3491 | D:5      | Entered Level 5 of the Dungeon
  3493 | D:5      | Found a staircase to the Ecumenical Temple.
  3518 | Temple   | Entered the Ecumenical Temple
  3558 | Temple   | Became a worshipper of Gozag Ym Sagoz the Greedy
  3717 | D:5      | Reached skill level 7 in Axes
  3837 | D:5      | Identified a scroll of acquirement
  3837 | D:5      | Acquired a manual of Shields
  3950 | D:5      | Found a sand-covered staircase.
  3957 | Ossuary  | Entered an ossuary
  4097 | Ossuary  | Reached XP level 8. HP: 70/70 MP: 8/8
  4155 | Ossuary  | Reached skill level 8 in Axes
  4576 | D:5      | Reached skill level 9 in Axes
  4653 | D:5      | Reached skill level 5 in Shields
  5206 | D:6      | Reached skill level 10 in Axes
  5206 | D:6      | Reached XP level 9. HP: 29/78 MP: 9/9
  5391 | D:6      | Got the Quarto of Crystalline Cinders
  5924 | D:1      | Bought a scroll of teleportation for 36 gold pieces
  5924 | D:1      | Bought a scroll of teleportation for 36 gold pieces
  5924 | D:1      | Bought a scroll of teleportation for 36 gold pieces
  5924 | D:1      | Bought a scroll of acquirement for 624 gold pieces
  5924 | D:1      | Acquired a manual of Axes
  6588 | D:7      | Reached skill level 11 in Axes
  7155 | D:8      | Found a staircase to the Lair.
  7162 | D:8      | Reached skill level 12 in Axes
  7181 | D:8      | Reached skill level 13 in Axes
  7187 | D:8      | Reached XP level 10. HP: 42/88 MP: 10/10
  7905 | D:8      | Reached skill level 14 in Axes
  8281 | D:9      | Noticed a two-headed ogre
  8290 | D:8      | Killed a two-headed ogre
  8486 | D:9      | Found a staircase to the Orcish Mines.
  8499 | D:9      | Reached skill level 1 in Stealth
  8561 | D:9      | Reached skill level 15 in Axes
  8706 | D:9      | Noticed a necromancer
  8715 | D:9      | Killed a necromancer
  8807 | D:9      | Reached skill level 10 in Shields
  8816 | D:9      | Reached XP level 11. HP: 64/95 MP: 11/11
  8845 | D:9      | You fall into a shaft and drop 1 floor!
  8845 | D:10     | Entered Level 10 of the Dungeon
  9068 | D:10     | Noticed Erolcha
  9097 | D:10     | Killed Erolcha
  9141 | D:10     | Reached skill level 16 in Axes
  9261 | D:10     | Identified the +1 war axe of the Maze {spect, Dex+2}
  9353 | D:10     | Noticed Sonja
  9364 | D:10     | Killed Sonja
  9461 | D:10     | Noticed Urug
  9489 | D:10     | Mangled by Urug

Illustrated notes

Levels and vault maps discovered:
D:1:      dpeg_arrival_oval, layout_basic, serial_shops, shop, shop_coins,
          nicolae_shop_overgrown_old_shop, shop
D:2:      layout_rooms
D:3:      layout_basic, mainiacjoe_overflow_catch_the_wave,
          ebering_ecumenical_altar_rust, serial_shops, shop,
          uniq_crazy_yiuf_cottage
D:4:      layout_cave_pods, uniq_duvessa, uniq_natasha
D:5:      layout_loops_ring, minmay_temple_entry_waves, enter_ossuary_3,
          kennysheep_cluttered_room
D:6:      layout_gridville, minmay_checkerbox
D:7:      layout_rooms
D:8:      layout_basic, due_lair_maze_entry_diamond, dreamdust_wishing_well
D:9:      layout_cross, kennysheep_orc_monster_closet_entryway, minmay_librarian
D:10:     layout_basic, uniq_urug, uniq_erolcha, uniq_sonja
Temple:   nicolae_temple_bog_church

Skill      XL: |  1  2  3  4  5  6  7  8  9 10 11 |
---------------+----------------------------------+-----
Armour         | 4 5 6 7 9 |  9.6
Dodging        | 1 2 3 |  3.7
Axes           | 3 4 5 7 10 13 15 16 | 16.8
Fighting       | 4 5 6 7 8 9 |  9.2
Shields        | 4 5 7 10 11 | 11.3
Stealth        | 1 |  1.2
Evocations     | |  0.8

Action                     |  1- 3 |  4- 6 |  7- 9 | 10-12 || total
---------------------------+-------+-------+-------+-------++-------
  Melee: War axe           |   114 |    99 |   237 |   165 ||   615
  Evoke: Wand              |       |     2 |       |     8 ||    10
    Use: Scroll            |       |     2 |     9 |     6 ||    17
         Potion            |       |       |       |     9 ||     9
   Stab: Distracted        |       |       |     2 |     1 ||     3
 Armour: Scale mail        |    98 |    58 |       |       ||   156
         Chain mail        |       |    42 |   226 |    69 ||   337
  Dodge: Dodged            |    78 |    67 |   143 |    42 ||   330
  Block: Buckler           |    41 |    24 |    61 |       ||   126
         Tower shield      |       |       |    51 |   177 ||   228
